 Dungeon Crawl Stone Soup version 0.23-a0-389-g4a5eb33 (webtiles) character file.

61327 iamserjio the Spry (level 14, 62/62 HPs)
             Began as a Felid Air Elementalist on Oct 29, 2018.
             Was a High Priest of Hepliaklqana.
             Quit the game on level 3 of the Swamp.
             The game lasted 02:53:17 (52145 turns).

iamserjio the Spry (Felid Air Elementalist)        Turns: 52145, Time: 02:53:18

Health: 62/62      AC:  3    Str:  4    XL:     14   Next: 60%
Magic:  27/27      EV: 38    Int: 21    God:    Hepliaklqana [*****.]
Gold:   1060       SH:  0    Dex: 24    Spells: 6/29 levels left
                                        Lives:  0   Deaths: 4

rFire    . . .     SeeInvis +     - Unarmed
rCold    + + +     Gourm    .   (shield unavailable)
rNeg     . . .     Faith    .   (armour unavailable)
rPois    +         Spirit   .   (helmet unavailable)
rElec    .         Reflect  .   (cloak unavailable)
rCorr    .         Harm     .   (gloves unavailable)
MR       ++...                  (boots unavailable)
Stlth    ++++++++..             (no amulet)
HPRegen  0.20/turn              N - ring of poison resistance
MPRegen  0.20/turn              F - ring of Free Expression {+Inv rC++ Dex+5}

@: quick
A: very small, no armour, no weapons or thrown items, stealth, reduced essence,
claws 1, fangs 3, see invisible, carnivore, speed 1, shaggy fur 3, slow
metabolism 1, sharp paws
a: Recall Ancestor, Ancestor Identity, Transference, Idealise, Renounce
Religion, Evoke Invisibility


You were on level 3 of the Swamp.
You worshipped Hepliaklqana.
Hepliaklqana was extremely pleased with you.
You were not hungry.

You visited 5 branches of the dungeon, and saw 27 of its levels.
You also visited: Ice Cave.

You collected 2837 gold pieces.
You spent 1777 gold pieces at shops.

Inventory:

Missiles
 c - 492 arrows
Jewellery
 d - a +4 ring of evasion
 u - an uncursed ring of flight
 y - an uncursed ring of protection from cold
 F - the ring of Free Expression (right paw) {+Inv rC++ Dex+5}
   (You took it off an orc on level 2 of the Orcish Mines)

   [ring of dexterity]

   It affects your dexterity (+5).
   It greatly protects you from cold.
   It lets you turn invisible.
 M - an uncursed ring of wizardry
 N - a ring of poison resistance (left paw)
 Q - an uncursed ring of protection from fire
Wands
 h - a wand of polymorph (2)
 m - a wand of clouds (3)
 w - a wand of paralysis (5)
 A - a wand of random effects (22)
 C - a wand of flame (16)
 D - a wand of digging (6)
 I - a wand of iceblast (7)
 L - a wand of enslavement (17)
Scrolls
 a - 2 scrolls of fog
 e - 15 scrolls of remove curse {@r2}
 i - 6 scrolls of teleportation
 q - a scroll of immolation
 t - a scroll of silence
 z - 4 scrolls of identify {@r1}
 B - 5 scrolls of blinking
 E - a scroll of acquirement
 G - a scroll of holy word
 H - 2 scrolls of magic mapping
Potions
 f - a potion of heal wounds
 j - 2 potions of brilliance
 k - 2 potions of haste
 l - 5 potions of curing {@q1}
 n - 4 potions of mutation
 o - 4 potions of invisibility
 p - 2 potions of berserk rage
 r - a potion of agility
 s - 2 potions of resistance
 v - a potion of flight
 x - 2 potions of ambrosia
 O - 4 potions of lignification
Miscellaneous
 g - a lamp of fire
 J - a phial of floods (inert)
 K - a fan of gales
 P - a sack of spiders
Comestibles
 b - 35 rations


   Skills:
 - Level 12.0 Fighting
 + Level 19.9 Dodging
 - Level 18.0 Stealth
 - Level 11.0 Unarmed Combat
 - Level 8.0 Spellcasting
 - Level 2.2 Conjurations
 - Level 12.0 Hexes
 - Level 2.0 Charms
 - Level 1.0 Necromancy
 - Level 2.1 Translocations
 - Level 2.0 Ice Magic
 - Level 3.0 Air Magic
 - Level 4.0 Invocations
 + Level 9.2 Evocations


You had 6 spell levels left.
You knew the following spells:

 Your Spells              Type           Power        Failure   Level  Hunger
a - Animate Skeleton      Necr           N/A          5%          1    None
b - Blink                 Tloc           N/A          4%          2    None
c - Apportation           Tloc           ###...       3%          1    None
d - Swiftness             Chrm/Air       ###.....     4%          2    None
e - Ensorcelled Hibernat  Hex/Ice        #####.       1%          2    None
f - Confuse               Hex            ######..     1%          3    None
g - Tukima's Dance        Hex            ######..     1%          3    None
h - Dazzling Spray        Conj/Hex       #####.       1%          3    None
i - Ozocubu's Armour      Chrm/Ice       ###.....     11%         3    None
j - Confusing Touch       Hex            ######       1%          1    None
k - Shroud of Golubria    Chrm/Tloc      ###.......   4%          2    None

Your spell library contained the following spells:

 Spells                   Type           Power        Failure   Level  Hunger
 Corona                   Hex            ######.      1%          1    None
 Shock                    Conj/Air       ###.         2%          1    None
 Freeze                   Ice            ###.         3%          1    None
 Magic Dart               Conj           ###.         3%          1    None
 Searing Ray              Conj           ###...       4%          2    None
 Throw Frost              Conj/Ice       ###...       4%          2    None
 Fulminant Prism          Conj/Hex       #####.....   4%          4    ###....
 Summon Small Mammal      Summ           #...         8%          1    None
 Sublimation of Blood     Necr           ##........   8%          2    None
 Static Discharge         Conj/Air       ###.....     9%          3    None
 Gell's Gravitas          Tloc           ###.......   10%         3    None
 Lesser Beckoning         Tloc           ###.......   10%         3    None
 Teleport Other           Tloc           ###.....     10%         3    None
 Passwall                 Tmut/Erth      #.......     12%         2    None
 Metabolic Englaciation   Hex/Ice        #####.....   12%         5    #####..
 Yara's Violent Unravell  Hex/Tmut       ####......   19%         5    #####..
 Airstrike                Air            ###.......   22%         4    ###....
 Ignite Poison            Fire/Tmut/Pois #.......     24%         3    None
 Spider Form              Tmut/Pois      #.........   24%         3    None
 Iskenderun's Mystic Bla  Conj           ###.....     30%         4    ###....
 Force Lance              Conj/Tloc      ###.....     32%         4    ###....
 Passage of Golubria      Tloc           N/A          32%         4    ###....
 Throw Icicle             Conj/Ice       ###.....     32%         4    ###....
 Summon Ice Beast         Ice/Summ       ##......     45%         4    ###....
 Lightning Bolt           Conj/Air       ###.......   58%         5    #####..
 Olgreb's Toxic Radiance  Pois           #.......     61%         4    ###....
 Petrify                  Tmut/Erth      #.......     61%         4    ###....
 Irradiate                Conj/Tmut      ##........   80%         5    #####..
 Venom Bolt               Conj/Pois      ##........   80%         5    #####..
 Alistair's Intoxication  Tmut/Pois      #.......     91%         5    #####..


Dungeon Overview and Level Annotations

Branches:
Dungeon (15/15)            Temple (1/1) D:4            Lair (6/6) D:10
  Swamp (3/4) Lair:3        Snake (0/4) Lair:3        Slime (0/5) Lair:6
    Orc (2/2) D:11            Elf (0/3) Orc:2        Vaults (0/5) D:13
 Depths (0/5) D:15

Altars:
Ashenzari
Elyvilon
Fedhas
Gozag
Hepliaklqana
Kikubaaqudgha
Makhleb
Nemelex Xobeh
Qazlal
Ru
Sif Muna
Trog
Wu Jian
Xom
Yredelemnul
Zin
Beogh

Shops:
D:6 (   D:8 =   Orc:1 ?   Orc:2 (}**

Portals:
Pandemonium: Orc:2

Annotations:
D:3 1 runed door
Swamp:3 exclusion: Roxanne, Roxanne


Innate Abilities, Weirdness & Mutations

You cannot wear armour.
You are incapable of wielding weapons or throwing items.
Your paws allow you to move quietly. (Stealth)
You have sharp claws.
You have razor-sharp teeth.
You have supernaturally acute eyesight. (SInv)
You are carnivorous and can eat meat at any time.
You cover ground quickly.
Your thick and shaggy fur keeps you warm. (AC +3, rC+)
You have a slow metabolism.
Your sharp claws are effective at attacking unaware monsters.
Your life essence is reduced to manifest your ancestor. (-10% HP)


Message History

:З points at the thorn hunter and mumbles some strange words.
The thorn hunter resists with almost no effort.
The thorn hunter completely misses you. The thorn hunter hits you!!
Your shroud falls apart!
You catch the helpless thorn hunter completely off-guard!
You eviscerate the thorn hunter!!!
The briar patch crumbles away. x4
The spiny frog stings you!!
You die...
You are lethally poisoned!
The spiny frog poisons you!
The alligator puts on a burst of speed! :З hits the thorn hunter with a dagger of draining.
The thorn hunter is destroyed!
Training target 12.0 for Fighting reached!
Training target 2.0 for Translocations reached!
Your Fighting skill increases to level 12!
Your Translocations skill increases to level 2!
You are now level 14!
You rejoin the land of the living...
Found an escape hatch in the ceiling.
A swamp worm comes into view.

♣♣ ♣.♣ ♣♣♣♣§.≈
♣♣♣♣ ≈....w.
♣♣..♣♣..≈≈...
♣.<.≈♣≈≈≈≈...
♣≈...♣.≈≈≈≈..
♣≈.≈≈@≈≈≈≈≈≈≈≈≈..
♣..≈≈≈≈≈≈≈≈≈..≈.♣
♣≈..≈≈♣♣≈......≈.
♣≈.≈..♣♣♣≈.≈≈.≈.≈
♣.≈≈≈♣♣♣.≈≈≈≈≈...
♣≈≈≈≈♣ .≈≈≈≈≈≈..
♣.≈♣♣♣ ♣≈≈y≈≈..≈
..§ ♣<≈≈≈≈.♣
♣..≈≈≈≈.♣


You could see a swamp worm (wandering).

Vanquished Creatures
  Rupert (D:12)
  Kirke (Lair:6)
  A thorn hunter (Swamp:2)
  2 orc warlords (Orc:2)
  The ghost of tsouns the Brawler, a journeyman NaMo of Cheibriados (Orc:2)
  A reaper (IceCv)
  Nessos (Lair:5)
  An ettin (D:13)
  Josephine (D:10)
  A yaktaur captain (D:15)
  12 hydras
  Harold (D:10)
  Fannar (D:10)
  An ice dragon (D:13)
  3 shambling mangroves (Swamp:2)
  3 centaur warriors
  2 catoblepae (Lair:6)
  2 ghost crabs (Swamp:2)
  4 tengu warriors
  7 death yaks
  5 two-headed ogres
  A deep troll shaman (Lair:6)
  6 alligators
  4 orc high priests (Orc:2)
  Sonja (Lair:6)
  An iron troll (D:13)
  4 torturous demonspawn (Orc:2)
  An unseen horror (D:13)
  A lindwurm (shapeshifter) (D:13)
  A wizard (D:13)
  A phantasmal warrior (D:13)
  4 oklob plants (Lair:4)
  7 orc knights
  A deep elf mage (D:12)
  18 slime creatures
  8 orc sorcerers (Orc:2)
  2 cyclopes
  17 ugly things
  A manticore (D:13)
  6 elephants
  11 black mambas
  An eye of devastation (Lair:6)
  A centaur zombie (D:13)
  Psyche (D:10)
  A molten gargoyle (Lair:5)
  12 spiny frogs
  A gargoyle (D:12)
  6 komodo dragons
  2 kobold demonologists (D:14)
  3 rime drakes
  A hellwing (Orc:2)
  11 ice devils
  8 hornets
  6 trolls
  3 meliai (D:15)
  A polar bear (Lair:6)
  3 tengu conjurers
  A merfolk (D:12)
  2 wolf spider simulacra (D:14)
  6 bog bodies
  7 blink frogs
  5 tyrant leeches
  4 dream sheep
  9 hippogriffs
  Sigmund (D:2)
  2 centaur simulacra (D:14)
  A ynoxinul (Orc:2)
  2 shadows
  2 vampires
  2 wyverns
  4 wraiths
  31 yaks
  2 hungry ghosts
  4 fire bats
  2 chaos spawn (Orc:2)
  15 vampire mosquitoes
  5 basilisks
  6 swamp worms
  4 wargs
  2 acid dragons
  10 insubstantial wisps
  7 porcupines
  18 water moccasins
  2 swamp drakes (Swamp:1)
  4 black bears
  2 sky beasts
  An eye of draining (Lair:6)
  A hornet zombie (D:12)
  2 ice beasts
  40 orc warriors
  5 phantoms
  9 ogres
  12 wolves
  6 centaurs
  12 crocodiles
  2 big kobolds
  14 bullfrogs
  A gnoll sergeant (D:7)
  A wyvern skeleton (D:12)
  A scorpion (D:7)
  3 wights (D:12)
  9 killer bees
  10 electric eels
  8 howler monkeys
  A lava snake (Lair:5)
  10 crimson imps
  2 bullfrog zombies
  A quasit (D:14)
  A bullfrog skeleton (D:12)
  3 jellies
  5 hounds
  26 orc priests
  Crazy Yiuf (D:5)
  A gnoll shaman (D:6)
  5 centaur skeletons
  5 iguanas
  20 orc wizards
  4 hell rats (Lair:6)
  9 worker ants
  A killer bee zombie (D:10)
  5 hexers
  A hound skeleton (D:5)
  A worker ant zombie (D:7)
  Robin (D:3)
  14 adders
  10 gnolls
  A howler monkey skeleton (D:6)
  A shadow imp (D:13)
  4 white imps
  12 ufetubi
  An adder zombie (D:6)
  2 adder skeletons
  3 worms
  2 dart slugs (D:1)
  5 leopard geckos
  65 orcs
  5 bats
  A bat zombie (D:8)
  2 giant cockroaches
  7 hobgoblins
  6 jackals
  6 quokkas
  5 frilled lizards
  13 goblins
  13 kobolds
  6 rats
  2 rat zombies (D:8)
  A spectral orc (D:3)
  A plant (Lair:6)
799 creatures vanquished.

Vanquished Creatures (collateral kills)
  A thorn hunter (Swamp:3)
  An ogre mage (D:15)
  6 death yaks
  2 orc knights
  An ugly thing (D:15)
  2 elephants (Lair:4)
  A smoke demon (Orc:2)
  2 spiny frogs
  3 centaur skeletons
  2 tyrant leeches
  A dancing weapon (Orc:2)
  A hornet (Swamp:2)
  2 slime creatures
  2 bog bodies (Swamp:2)
  6 dream sheep
  3 blink frogs
  A hippogriff (Lair:4)
  A wraith (D:10)
  7 yaks
  A fire elemental (Lair:5)
  A vampire mosquito (Swamp:2)
  A hungry ghost (D:6)
  2 swamp worms
  A water moccasin (Lair:5)
  2 porcupines (Lair:2)
  4 orc warriors
  An eye of draining (D:12)
  3 ogres
  6 wolves
  2 crocodiles
  A big kobold (D:13)
  Blork the orc (D:5)
  3 bullfrogs
  2 scorpions
  2 wights (D:12)
  2 howler monkeys
  4 jellies
  2 crimson imps
  12 orc priests
  A bullfrog skeleton (D:11)
  A hound (D:14)
  2 iguanas
  11 orc wizards
  4 worker ants
  A hell rat (Lair:6)
  A hound zombie (D:5)
  2 gnolls
  10 adders
  4 white imps (IceCv)
  An ooze (D:2)
  An adder zombie (D:9)
  2 worms
  32 orcs
  A ball python (Lair:3)
  A bat zombie (D:8)
  3 jackals
  A frilled lizard (D:5)
  2 goblins (D:3)
  4 kobolds
  A quokka skeleton (D:7)
  3 plants
187 creatures vanquished.

Vanquished Creatures (others)
  A black mamba (Lair:3)
  5 dancing weapons
  3 humans (Lair:6)
  A wyvern simulacrum (D:12)
  43 hexers
  2 white imps (IceCv)
  An ufetubus (IceCv)
  3 orcs (Orc:2)
  5 ancestors
  22 fungi
  18 plants
104 creatures vanquished.

Grand Total: 1090 creatures vanquished

Notes
Turn   | Place    | Note
-------+----------+-------------------------------------------
     0 | D:1      | iamserjio the Felid Air Elementalist began the quest for
                  | the Orb.
     0 | D:1      | Reached XP level 1. HP: 7/7 MP: 4/4
   286 | D:1      | Reached skill level 1 in Conjurations
   289 | D:1      | Reached skill level 3 in Dodging
   354 | D:1      | Reached XP level 2. HP: 11/11 MP: 1/6
  1102 | D:2      | Found a hazy altar of Hepliaklqana.
  1109 | D:2      | Became a worshipper of Hepliaklqana the Forgotten
  1134 | D:2      | Noticed Sigmund
  1534 | D:2      | Reached XP level 3. HP: 12/12 MP: 5/7
  1535 | D:2      | Reached skill level 1 in Unarmed Combat
  1914 | D:2      | Found a shimmering altar of Xom.
  1915 | D:2      | Found a shimmering altar of Xom.
  2117 | D:2      | Reached skill level 4 in Dodging
  2280 | D:2      | Found a faded altar of an unknown god.
  2286 | D:2      | Reached XP level 4. HP: 11/16 MP: 6/8
  2308 | D:2      | Found a shimmering altar of Xom.
  2388 | D:2      | Found a shimmering altar of Xom.
  2852 | D:3      | Found a basalt altar of Yredelemnul.
  2881 | D:3      | Reached * piety under Hepliaklqana
  3397 | D:2      | Learned a level 4 spell: Airstrike
  3475 | D:3      | Noticed Robin
  3488 | D:3      | Reached XP level 5. HP: 11/18 MP: 2/9
  3496 | D:3      | Killed Robin
  4218 | D:2      | Killed Sigmund
  4218 | D:2      | Reached skill level 1 in Fighting
  4218 | D:2      | Reached skill level 5 in Dodging
  4218 | D:2      | Reached skill level 5 in Stealth
  4218 | D:2      | Gained mutation: You are covered in thick fur. (AC +2)
                  | [Felid growth]
  4218 | D:2      | Reached XP level 6. HP: 22/22 MP: 10/10
  4288 | D:3      | Found a runed door.
  4288 | D:3      | Found a glowing silver altar of Zin.
  4288 | D:3      | Noticed an angel
  5002 | D:4      | Reached skill level 6 in Dodging
  5025 | D:4      | Found an ornate altar of the Wu Jian Council.
  5046 | D:4      | Killed from afar by an orc priest
  5047 | D:4      | Reached XP level 5. HP: -4/19 MP: 9/9
  5047 | D:4      | Found a staircase to the Ecumenical Temple.
  5066 | D:4      | Reached XP level 6. HP: 23/23 MP: 5/10
  5132 | Temple   | Entered the Ecumenical Temple
  5396 | D:4      | Reached ** piety under Hepliaklqana
  5397 | D:4      | Remembered your ancestor :З as a hexer
  5497 | D:4      | Found a stormy altar of Qazlal.
  5499 | D:4      | Noticed a water elemental
  5500 | D:4      | Noticed a fire elemental
  5500 | D:4      | Noticed an air elemental
  5619 | D:4      | Found a blossoming altar of Fedhas.
  5741 | D:5      | Entered Level 5 of the Dungeon
  6123 | D:5      | Found a burning altar of Makhleb.
  6154 | D:5      | Reached XP level 7. HP: 27/27 MP: 11/11
  6179 | D:5      | Noticed Blork the orc
  6186 | D:5      | Killed Blork the orc
  6186 | D:5      | Reached skill level 7 in Dodging
  6563 | D:5      | Found a deep blue altar of Sif Muna.
  6569 | D:5      | Identified the +9 mace "Fianutz" {crush, rF- rC+ rN+ MR+}
  6873 | D:5      | Found a runed door.
  7241 | D:5      | Noticed Crazy Yiuf
  7255 | D:5      | Killed Crazy Yiuf
  7438 | D:6      | Reached skill level 8 in Dodging
  7442 | D:6      | Reached XP level 8. HP: 27/29 MP: 1/12
  8176 | D:6      | Found Qatwep's Antique Weapon Boutique.
  8255 | D:6      | Reached skill level 9 in Dodging
  8433 | D:6      | Found a white marble altar of Elyvilon.
  8594 | D:7      | Noticed a hornet
  8600 | D:7      | Reached skill level 10 in Stealth
  8614 | D:7      | Killed a hornet
  8614 | D:7      | Reached skill level 1 in Invocations
  8614 | D:7      | Reached skill level 1 in Evocations
  8692 | D:7      | Reached XP level 9. HP: 27/32 MP: 0/13
  8763 | D:7      | Reached skill level 10 in Dodging
  8763 | D:7      | Reached skill level 5 in Unarmed Combat
  9453 | D:7      | Reached *** piety under Hepliaklqana
  9508 | D:7      | Found an opulent altar of Gozag.
 10066 | D:7      | Found a sparkling altar of Nemelex Xobeh.
 10439 | D:7      | Reached skill level 11 in Dodging
 10464 | D:7      | Found a basalt altar of Yredelemnul.
 10643 | D:5      | Identified Sif Muna's Guide on Displacement
 11115 | D:8      | Found Hofud's Jewellery Shop.
 11237 | D:8      | Reached XP level 10. HP: 33/36 MP: 12/14
 11270 | D:8      | Noticed a two-headed ogre
 11296 | D:8      | Killed a two-headed ogre
 11535 | D:8      | Found an ancient bone altar of Kikubaaqudgha.
 11774 | D:8      | Learned a level 1 spell: Apportation
 11777 | D:8      | Learned a level 2 spell: Swiftness
 11993 | D:8      | Found a sacrificial altar of Ru.
 12418 | D:9      | Noticed a two-headed ogre
 12426 | D:9      | Killed a two-headed ogre
 12426 | D:9      | Reached skill level 12 in Dodging
 12429 | D:9      | Reached **** piety under Hepliaklqana
 12890 | D:10     | Entered Level 10 of the Dungeon
 12912 | D:10     | Noticed Josephine
 13275 | D:10     | Found a staircase to the Lair.
 13734 | D:10     | Learned a level 2 spell: Ensorcelled Hibernation
 13738 | D:10     | Learned a level 3 spell: Confuse
 13742 | D:10     | Learned a level 3 spell: Tukima's Dance
 13778 | D:10     | Reached skill level 1 in Hexes
 13815 | D:10     | Noticed Psyche
 13816 | D:10     | Noticed Fannar
 13831 | D:10     | Killed Psyche
 14484 | D:10     | Noticed Harold
 14495 | D:10     | Reached XP level 11. HP: 28/38 MP: 14/18
 14497 | D:10     | Killed Harold
 14687 | D:10     | Killed Fannar
 14687 | D:10     | Reached skill level 5 in Hexes
 14837 | Lair:1   | Entered Level 1 of the Lair of Beasts
 14899 | D:10     | Reached skill level 13 in Dodging
 15193 | Lair:1   | Reached skill level 1 in Ice Magic
 17019 | Lair:1   | Reached skill level 10 in Hexes
 17463 | Lair:2   | Gained mutation: Your thick and shaggy fur keeps you warm.
                  | (AC +3, rC+) [Felid growth]
 17463 | Lair:2   | Reached XP level 12. HP: 30/41 MP: 8/19
 18533 | Lair:2   | Reached skill level 14 in Dodging
 18839 | Lair:2   | Learned a level 3 spell: Dazzling Spray
 18970 | Lair:3   | Found a staircase to the Swamp.
 18971 | Lair:3   | Reached skill level 5 in Spellcasting
 19587 | Lair:3   | Found a staircase to the Snake Pit.
 20146 | Lair:3   | Reached ***** piety under Hepliaklqana
 21113 | Lair:4   | Reached skill level 15 in Stealth
 22522 | Lair:5   | HP: 2/43 [poisoned by a black mamba]
 22527 | Lair:5   | HP: 2/43 [poisoned by a black mamba]
 22532 | Lair:5   | HP: 1/43 [poisoned by a black mamba]
 23162 | Lair:5   | Noticed Nessos
 23175 | Lair:5   | Killed Nessos
 23175 | Lair:5   | Reached skill level 15 in Dodging
 23175 | Lair:5   | Reached XP level 13. HP: 31/45 MP: 17/23
 23682 | Lair:5   | Learned a level 3 spell: Ozocubu's Armour
 23955 | Lair:5   | Reached skill level 1 in Charms
 24015 | Lair:6   | Entered Level 6 of the Lair of Beasts
 24447 | Lair:4   | Splashed by an oklob plant's acid
 24448 | Lair:4   | Reached XP level 12. HP: -2/44 MP: 11/22
 24770 | D:10     | Killed Josephine
 25277 | D:11     | Found a staircase to the Orcish Mines.
 25688 | D:11     | Identified a scroll of acquirement
 25741 | D:12     | Noticed Rupert
 25956 | D:12     | Noticed a two-headed ogre
 25980 | D:12     | Killed a two-headed ogre
 25980 | D:12     | Reached skill level 5 in Fighting
 26110 | D:12     | Noticed a tengu warrior
 26110 | D:12     | Noticed a tengu warrior
 26125 | D:12     | Killed a tengu warrior
 26132 | D:12     | Killed a tengu warrior
 26860 | D:12     | Killed Rupert
 27346 | D:12     | Reached XP level 13. HP: 51/51 MP: 0/23
 28125 | D:13     | Reached skill level 16 in Dodging
 28633 | D:13     | Noticed an ettin
 29152 | D:13     | Killed an ettin
 29187 | D:13     | Found a gate to the Vaults.
 29665 | D:13     | Found a gate to the Vaults.
 30222 | D:13     | Learned a level 1 spell: Confusing Touch
 31004 | D:13     | Found a gate to the Vaults.
 31221 | D:14     | Reached skill level 10 in Unarmed Combat
 31336 | D:14     | Found a frozen archway.
 31346 | IceCv    | Entered an ice cave
 32313 | IceCv    | Noticed a reaper
 32347 | IceCv    | Killed a reaper
 33320 | D:14     | Reached skill level 17 in Dodging
 33710 | D:14     | Reached XP level 14. HP: 56/56 MP: 24/24
 33865 | D:15     | Entered Level 15 of the Dungeon
 34966 | D:15     | Found a staircase to the Depths.
 35143 | D:15     | Reached skill level 18 in Dodging
 35714 | Orc:1    | Entered Level 1 of the Orcish Mines
 36011 | Orc:2    | Entered Level 2 of the Orcish Mines
 36733 | Orc:2    | Noticed an orc warlord
 36902 | Orc:2    | Found a large runed door.
 36902 | Orc:2    | Found a large runed door.
 36903 | Orc:2    | Noticed tsouns's ghost (journeyman NaMo)
 37485 | Orc:2    | Killed an orc warlord
 37753 | Orc:2    | Noticed an orc warlord
 37753 | Orc:2    | Identified the cursed +1 robe of the Beginning {rC+ MR-
                  | Str+4 SInv}
 37753 | Orc:2    | Identified the ring of Free Expression {+Inv rC++ Dex+5}
 37950 | Orc:2    | Found a staircase to the Elven Halls.
 38421 | Orc:2    | Killed an orc warlord
 38533 | Orc:2    | Found a roughly hewn altar of Beogh.
 39122 | Orc:1    | Found Ofeel Refa's Magic Scroll Boutique.
 39127 | Orc:1    | Bought a scroll of teleportation for 48 gold pieces
 39127 | Orc:1    | Bought a scroll of teleportation for 48 gold pieces
 39542 | Orc:2    | Found Ukonteh's General Store.
 39805 | Orc:2    | Found Qeanucs's General Store.
 41352 | Orc:2    | Bought a wand of clouds (1) for 210 gold pieces
 41352 | Orc:2    | Bought a potion of haste for 140 gold pieces
 41352 | Orc:2    | Bought a scroll of blinking for 105 gold pieces
 41354 | Orc:2    | Bought a wand of paralysis (5) for 112 gold pieces
 41354 | Orc:2    | Bought a scroll of teleportation for 48 gold pieces
 41656 | Orc:2    | Paralysed by an orc sorcerer for 3 turns
 41746 | Orc:2    | Reached XP level 15. HP: 51/60 MP: 23/25
 41948 | Orc:2    | Found Betusmuog's Gadget Boutique.
 41948 | Orc:2    | Found a one-way gate leading to the halls of Pandemonium.
 41948 | Orc:2    | Found Ziluam's Antique Weapon Shop.
 41977 | Orc:2    | Bought a wand of iceblast (10) for 182 gold pieces
 41977 | Orc:2    | Bought a fan of gales for 520 gold pieces
 41977 | Orc:2    | Bought a wand of enslavement (6) for 104 gold pieces
 42277 | Orc:2    | Killed tsouns's ghost
 42588 | Lair:6   | Reached skill level 5 in Evocations
 42882 | Lair:6   | Reached skill level 19 in Dodging
 43514 | Lair:6   | Noticed Kirke
 43529 | Lair:6   | Killed Kirke
 43662 | Lair:6   | Found a staircase to the Slime Pits.
 45072 | Lair:6   | Noticed Sonja
 45079 | Lair:6   | Killed Sonja
 45371 | Lair:6   | Reached skill level 10 in Fighting
 46430 | Lair:6   | Identified Fiz Pipp's Reference Book on Contamination and
                  | the Rocks
 46438 | Lair:6   | Learned a level 1 spell: Animate Skeleton
 46672 | D:8      | Bought an uncursed ring of poison resistance for 260 gold
                  | pieces
 47036 | Swamp:1  | Entered Level 1 of the Swamp
 47465 | Swamp:1  | Reached skill level 1 in Necromancy
 47465 | Swamp:1  | HP: 3/63 [alligator[an alligator] (29)]
 47466 | Swamp:1  | Mangled by an alligator
 47467 | Swamp:1  | Reached XP level 14. HP: -8/59 MP: 26/26
 48085 | Swamp:1  | Reached XP level 15. HP: 63/63 MP: 27/27
 49861 | Swamp:2  | Noticed a thorn hunter
 50155 | Swamp:2  | Killed a thorn hunter
 50992 | Swamp:2  | Learned a level 2 spell: Blink
 50995 | Swamp:2  | Learned a level 2 spell: Shroud of Golubria
 51618 | Swamp:3  | Noticed a thorn hunter
 51836 | Swamp:3  | Noticed Roxanne
 52090 | Swamp:3  | Reached skill level 1 in Translocations
 52141 | Swamp:3  | Slain by a spiny frog
 52141 | Swamp:3  | Killed a thorn hunter
 52142 | Swamp:3  | Reached XP level 14. HP: 1/62 MP: 21/27
 52145 | Swamp:3  | Quit the game

Vault maps used:
D:1:      psy_arrival_dodecagon, roderic_serpentine_path
D:2:      nicolae_overflow_crystal_walls, xom_redecorated,
          chequers_ecumenical_altar_simple_redux, first_ration, uniq_sigmund
D:3:      yredelemnul_forgotten_temple_becter, lemuel_angel_altar, uniq_robin
D:4:      fedhas_altar_4, lemuel_round_altar, nicolae_qazlal_style_of_elements,
          minmay_temple_entry_junction
D:5:      old_standard_altar, skrybe_limestone_x, led_sif_book,
          uniq_crazy_yiuf_cottage, uniq_blork_the_orc
D:6:      kennysheep_mini, serial_shops, shop
D:7:      lemuel_coloured_pillars_altar, old_standard_altar,
          david_defended_altar_elf
D:8:      lemuel_doored_altar, lemuel_zombie_altar_kikubaaqudgha, serial_shops,
          shop_statue, corexii_hall_statues_i
D:10:     lair_entry_dummy, uniq_harold, uniq_josephine, uniq_fannar,
          uniq_psyche
D:11:     orc_0_dummy
D:12:     hangedman_fish_farm, onia_ninara_dug_in_and_dangerous, uniq_rupert
D:13:     david_vaults_4
D:14:     serial_ice, serial_ice_g, serial_ice_h, serial_ice_a, serial_ice_c,
          serial_ice_m, serial_ice_l, serial_ice_n, portal_ice_cave_rime
D:15:     grunt_enter_depths_snipers
Temple:   dpeg_three_leaves_temple
Lair:1:   st_stairs_7
Lair:2:   serial_bayou_shore_a
Lair:3:   minmay_swamp_entry_eels, minmay_snake_entry_six_corridors,
          serial_rivers, chequers_serial_rivers_small_3,
          chequers_serial_rivers_small_b, chequers_serial_rivers_small_a,
          chequers_serial_rivers_large_a, chequers_serial_rivers_room_a,
          chequers_serial_rivers_micro_b, st_stairs_5
Lair:4:   lemuel_fruit_fields, minmay_lair_oklob_chamber
Lair:5:   beast_lair_carwin_large_1, infiniplex_staircase_pool, uniq_nessos
Lair:6:   grunt_lair_end_beastmaster, minmay_slime_entry_eyes,
          serial_bayou_shore_b, lemuel_fruit_tree, grunt_megastairs_3,
          uniq_sonja, uniq_kirke
Swamp:1:  serial_swamp_ruin, evilmike_swamp_ruin_house_4,
          evilmike_swamp_ruin_rubble_2, evilmike_swamp_ruin_house_1, swamp_pool3
Swamp:2:  infiniplex_staircase_pool_2, cheibrodos_swamp_slimy
Swamp:3:  hangedman_swamp_lotus, hangedman_swamp_pad, uniq_roxanne
Orc:1:    serial_shops, shop_scrolls
Orc:2:    pf_orc_diabolical, basic_altar, ebering_ghost_disaster_area,
          minmay_orc_treasury
IceCv:    ice_cave_small_demon

Skill      XL: |  1  2  3  4  5  6  7  8  9 10 11 12 13 14 15 |
---------------+----------------------------------------------+-----
Conjurations   | 1 2 |  2.2
Dodging        | 3 4 5 6 8 9 11 12 13 15 17 18 19 | 19.9
Stealth        | 3 4 5 7 8 10 11 12 14 16 18 | 18.0
Unarmed Combat | 1 2 3 4 5 7 9 10 11 | 11.0
Fighting       | 1 2 6 8 12 | 12.0
Air Magic      | 3 |  3.0
Invocations    | 1 3 4 |  4.0
Evocations     | 1 2 8 9 |  9.2
Spellcasting   | 4 6 8 |  8.0
Hexes          | 3 10 12 | 12.0
Ice Magic      | 2 |  2.0
Charms         | 2 1 |  2.0
Necromancy     | 1 |  1.0
Translocations | 2 |  2.1

Action                   |  1- 3 |  4- 6 |  7- 9 | 10-12 | 13-15 || total
-------------------------+-------+-------+-------+-------+-------++-------
Melee: Unarmed           |    64 |   103 |   262 |   632 |  1334 ||  2395
       Bite              |     7 |     9 |    16 |    60 |   162 ||   254
       Punch             |       |       |     3 |    12 |    69 ||    84
 Cast: Shock             |    45 |    76 |   118 |    21 |       ||   260
       Airstrike         |       |       |     1 |       |       ||     1
       Swiftness         |       |       |       |    15 |     8 ||    23
       Confuse           |       |       |       |   106 |   316 ||   422
       Ensorcelled Hiber |       |       |       |    89 |   173 ||   262
       Tukima's Dance    |       |       |       |     1 |    26 ||    27
       Apportation       |       |       |       |       |     2 ||     2
       Confusing Touch   |       |       |       |       |    74 ||    74
       Ozocubu's Armour  |       |       |       |       |     2 ||     2
       Animate Skeleton  |       |       |       |       |    12 ||    12
       Dazzling Spray    |       |       |       |       |    18 ||    18
       Shroud of Golubri |       |       |       |       |     1 ||     1
Invok: Recall Ancestor   |     3 |    13 |    12 |    44 |    69 ||   141
       Ancestor Life: He |       |     1 |       |       |       ||     1
       Idealise          |       |       |       |     4 |     9 ||    13
       Ancestor Identity |       |       |       |     1 |       ||     1
 Abil: Evoke Flight      |       |       |     1 |       |       ||     1
       Evoke Invisibilit |       |       |       |       |     7 ||     7
Evoke: Wand              |       |     2 |     2 |    33 |    28 ||    65
       Phial of floods   |       |       |       |       |     3 ||     3
       Lamp of fire      |       |       |       |       |     1 ||     1
  Use: Potion            |       |     4 |     1 |     8 |    11 ||    24
       Scroll            |       |       |    11 |    14 |    16 ||    41
 Stab: Sleeping          |     7 |    12 |    20 |    93 |   128 ||   260
       Distracted        |       |     1 |     2 |    10 |    11 ||    24
       Confused          |       |       |     3 |    67 |   170 ||   240
       Invisible         |       |       |       |       |    22 ||    22
       Paralysed         |       |       |       |       |     7 ||     7
  Eat: Chunk             |    11 |    14 |    15 |    40 |    44 ||   124
       Ration            |       |       |       |       |     4 ||     4
Armor: Skin              |     7 |     9 |    23 |    11 |    28 ||    78
Dodge: Dodged            |    81 |    95 |   258 |   598 |  1242 ||  2274

Table legend:
 A = Non-vault XP
 B = Vault XP
 C = Vault XP percentage of total XP
 D = Non-vault monster count
 E = Vault monster count
 F = Vault count percentage of total count
                 A         B        C        D         E       F
            +---------+---------+-------+---------+---------+-------
      Total |  129968 |   70175 |  35.1 |     722 |     256 |  26.2
            +---------+---------+-------+---------+---------+-------
        D:1 |      27 |       0 |   0.0 |      16 |       0 |   0.0
        D:2 |      88 |     238 |  73.0 |      25 |       1 |   3.8
        D:3 |     187 |      34 |  15.4 |      21 |      12 |  36.4
        D:4 |     328 |       0 |   0.0 |      16 |       0 |   0.0
        D:5 |     478 |     209 |  30.4 |      20 |       4 |  16.7
        D:6 |     793 |       0 |   0.0 |      24 |       0 |   0.0
        D:7 |    2522 |       0 |   0.0 |      48 |       0 |   0.0
        D:8 |    2471 |       6 |   0.2 |      22 |       4 |  15.4
        D:9 |    1535 |       0 |   0.0 |      10 |       0 |   0.0
       D:10 |    2680 |    4322 |  61.7 |      40 |       8 |  16.7
       D:11 |    1818 |       0 |   0.0 |      14 |       0 |   0.0
       D:12 |    5950 |    4434 |  42.7 |      29 |       9 |  23.7
       D:13 |    4200 |    4034 |  49.0 |      23 |       6 |  20.7
       D:14 |   10421 |    2247 |  17.7 |      42 |      12 |  22.2
       D:15 |   12696 |    2561 |  16.8 |      45 |       3 |   6.2
     Lair:1 |    8059 |       0 |   0.0 |      41 |       0 |   0.0
     Lair:2 |    3141 |       0 |   0.0 |      19 |       0 |   0.0
     Lair:3 |    2172 |    2564 |  54.1 |      12 |      24 |  66.7
     Lair:4 |    3047 |    2517 |  45.2 |      11 |       5 |  31.2
     Lair:5 |    9160 |    3887 |  29.8 |      31 |      10 |  24.4
     Lair:6 |   15134 |   12851 |  45.9 |      40 |      24 |  37.5
    Swamp:1 |   12478 |       0 |   0.0 |      34 |       0 |   0.0
    Swamp:2 |   20971 |    1035 |   4.7 |      54 |       4 |   6.9
    Swamp:3 |    5288 |       0 |   0.0 |      10 |       0 |   0.0
      Orc:1 |    1777 |     731 |  29.1 |      38 |       7 |  15.6
      Orc:2 |    2547 |   23953 |  90.4 |      37 |      95 |  72.0
      IceCv |       0 |    4552 | 100.0 |       0 |      28 | 100.0
            +---------+---------+-------+---------+---------+-------
